 Dungeon Crawl Stone Soup version 0.27.1-3-gb3d3a73c9e (webtiles) character file.

Game seed: 17499324669360383759

31 Crownlay the Chopper (level 3, -1/33 HPs)
             Began as a Hill Orc Fighter on Oct 23, 2021.
             Was a Follower of Okawaru.
             Hit by a goblin thrown by Robin (3 damage)
             ... on level 2 of the Dungeon.
             The game lasted 00:01:38 (530 turns).

Crownlay the Chopper (Hill Orc Fighter)              Turns: 530, Time: 00:01:38

Health: -1/33      AC:  6    Str: 19    XL:     3   Next: 22%
Magic:  3/3        EV:  9    Int:  8    God:    Okawaru [*.....]
Gold:   39         SH:  0    Dex: 10    Spells: 2/2 levels left

rFire    . . .     SeeInvis .   a - +0 war axe
rCold    . . .     Faith    .   (no shield)
rNeg     . . .     Spirit   .   b - +0 scale mail
rPois    .         Reflect  .   (no helmet)
rElec    .         Harm     .   (no cloak)
rCorr    .         Rampage  .   (no gloves)
Will     .....                  (no boots)
Stlth    ..........             (no amulet)
HPRegen  0.11/turn              (no ring)
MPRegen  0.08/turn              (no ring)

@: no status effects
A: no striking features
a: Renounce Religion, Heroism


You were on level 2 of the Dungeon.
You worshipped Okawaru.
Okawaru was aware of your devotion.
You visited 1 branch of the dungeon, and saw 2 of its levels.

You collected 39 gold pieces.

Inventory:

Hand Weapons
 a - a +0 war axe (weapon)
Armour
 b - a +0 scale mail (worn)
 c - a +0 kite shield
Scrolls
 e - 2 scrolls of identify {unknown}
 f - a scroll of blinking {unknown}
 h - a scroll of summoning {unknown}
Potions
 d - a potion of might
 g - a potion of cancellation {unknown}
 i - a potion of haste {unknown}


   Skills:
 + Level 4.1 Fighting
 * Level 4.2 Axes
 - Level 3.2 Armour
 - Level 3.2 Shields


You had 2 spell levels left.
You didn't know any spells.
Your spell library contained the following spells:

 Spells                   Type           Power      Damage    Failure   Level
 Ignite Poison            Fire/Tmut/Pois 0%         N/A       98%         3
 Mephitic Cloud           Conj/Pois/Air  0%         N/A       98%         3
 Bolt of Magma            Conj/Fire/Erth 0%         4d4       100%        5


Dungeon Overview and Level Annotations

Branches:
Dungeon (2/15)

Altars:
Okawaru

Shops:
D:1 [

Annotations:
D:2 Robin


Message History

Robin's horned helmet rattles.
The goblin barely misses you. The goblin hits you with a +0 club. x2
Things that are here:
a +0 dagger; a goblin corpse The goblin hits you with a +0 club.
Robin roars a battlecry!
The goblin goes into a battle-frenzy!
A goblin comes into view. It is wielding a +0 club.
Robin throws the goblin at you! The goblin hits you with a +0 dagger.
* * * LOW HITPOINT WARNING * * *
You closely miss the goblin. You slash the goblin!
You kill the goblin!
Okawaru accepts your kill. Robin throws the goblin at you!
The goblin hits you but does no damage.
A goblin comes into view. It is wielding a +0 dagger.
The goblin hits you but does no damage.
The endoplasm hits you but does no damage.
Robin throws the goblin at you! The goblin barely misses you.
You closely miss the goblin. You hit the goblin.
You kill the goblin!
Okawaru accepts your kill.
You hit the goblin. You slash the endoplasm!
You kill the endoplasm!
Okawaru accepts your kill. The goblin hits you with a +0 dagger.
* * * LOW HITPOINT WARNING * * *
The goblin hits you but does no damage. The goblin hits you with a +0 dagger.
* * * LOW HITPOINT WARNING * * *
You slash the goblin!
You kill the goblin!
Okawaru accepts your kill.
You barely miss the goblin. You closely miss the goblin.
The goblin hits you but does no damage. The goblin barely misses you.
The goblin hits you but does no damage.
There is a stone staircase leading up here.
You see here a +0 dagger.
Robin throws the goblin at you!
You die...

##.####.....#
............#
.........#..#
#..###.##[##
#†##.##
#.##..#
.###.###.##..#
....g.)g)#.gg#
........gg.g@#
.#########.g.#
#...# #...#
###..# .....
#.#### #.#


You could see Robin and 6 goblins.

Vanquished Creatures
  A dart slug (D:1)
  4 endoplasms
  4 giant cockroaches (D:1)
  8 goblins
  2 hobgoblins (D:2)
  A ball python (D:1)
  2 bats (D:1)
  A frilled lizard (D:1)
  2 kobolds (D:1)
  A rat (D:1)
26 creatures vanquished.

Notes
Turn   | Place    | Note
-------+----------+-------------------------------------------
     0 | D:1      | Crownlay the Hill Orc Fighter began the quest for the Orb.
     0 | D:1      | Reached XP level 1. HP: 19/19 MP: 1/1
    14 | D:1      | Found Enlux's Armour Boutique.
    69 | D:1      | Reached XP level 2. HP: 24/27 MP: 2/2
   275 | D:1      | Found a faded altar of an unknown god.
   305 | D:1      | Became a worshipper of Warmaster Okawaru
   305 | D:1      | Reached * piety under Okawaru
   514 | D:2      | Noticed Robin
   521 | D:2      | Reached XP level 3. HP: 21/33 MP: 3/3
   530 | D:2      | Hit by a goblin thrown by Robin

Illustrated notes

Levels and vault maps discovered:
D:1:      minmay_arrival_stone_box, layout_rooms, serial_shops,
          nicolae_square_shop, hellmonk_ecumenical_altar_heavens_door
D:2:      cheibrodos_fertilizer, layout_loops_ring, minmay_close_crescents,
          uniq_robin, uniq_sigmund

Skill      XL: |  1  2 |
---------------+-------+-----
Axes           | 3 4 |  4.2
Fighting       | 4 |  4.1
Armour         | |  3.2
Shields        | |  3.2

Action                   || total
-------------------------++-------
Melee: War axe           ||    46
Armor: Scale mail        ||    32
Dodge: Dodged            ||    34
